AoeStats
← husung istanda_18

Lombardia

507758713Analyzed
2v2 RM · 13d ago on Sep 19, 2026· 72m 8s· 4 players
Game mode
Random Map
Map size
Medium (4 player)
Population
200
Speed
Normal
Resources
Standard
Victory
Conquest
Starting age
Dark Age
Ending age
Imperial Age
RankedLock teamsTeams togetherTeam positionsShared explorationLock speedFull tech treeHidden civsTurbo modeCheats
Victory
Defeat
🇹🇼 Khitans · Taiwan
685
+15
🇹🇼 Saracens · Taiwan
678
+15
🇧🇬 Franks · Bulgaria
681
-32
🇬🇧 Tatars · United Kingdom
653
-20
kiril.k323
8:17 Loom
10:44 Feudal Age
12:01 Wheelbarrow
11:21 Double-Bit Axe
14:49 Gold Mining
23:00 Castle Age
24:27 Bow Saw
24:57 Hand Cart
25:43 Gold Shaft Mining
27:30 Husbandry
32:35 Elite Skirmisher
32:51 Pikeman
36:23 Imperial Age
37:12 Scale Barding Armor
37:17 Forging
37:27 Cavalier
41:30 Elite Throwing Axeman
42:31 #83
46:20 Caravan
47:51 Paladin
49:17 Hoardings
51:11 Conscription
52:16 Caravan
56:50 Chain Barding Armor
57:05 Iron Casting
68:30 Plate Barding Armor
68:55 Blast Furnace
68:58 Squires
68:35 Halberdier
72:15 Scale Mail Armor
72:15 Padded Archer Armor
72:05 Fletching
sammylad123
2:28 Loom
10:47 Feudal Age
11:20 Double-Bit Axe
13:47 Wheelbarrow
15:37 Horse Collar
20:43 Stone Mining
25:49 Castle Age
25:54 Pikeman
26:47 Forging
26:38 Scale Mail Armor
26:29 Fletching
26:39 Padded Archer Armor
28:04 Hand Cart
31:15 Bow Saw
31:51 Leather Archer Armor
33:00 Squires
42:45 Iron Casting
42:16 Scale Barding Armor
45:41 Gold Mining
50:57 Imperial Age
48:50 Chain Barding Armor
50:26 Caravan
52:21 Conscription
51:21 Elite Keshik
52:05 Sappers
51:59 Halberdier
52:14 Man-at-Arms
53:23 Heavy Camel Rider
54:06 Husbandry
56:06 Crossbowman
59:38 Elite Skirmisher
64:33 Long Swordsman
67:49 Two-Handed Swordsman
CC..CC
8:32 Loom
11:17 Feudal Age
12:05 Double-Bit Axe
12:06 Domestication
13:03 Arson
17:52 Fletching
18:05 Padded Archer Armor
21:40 Castle Age
20:57 Gold Mining
21:37 Forging
22:35 Thumb Ring
23:50 Bow Saw
24:23 Heavy Cavalry Archer
25:49 Stone Mining
27:02 Husbandry
34:15 Ballistics
39:49 Bodkin Arrow
40:10 Leather Archer Armor
39:58 Scale Mail Armor
43:59 Imperial Age
43:02 Lamellar Armor
43:58 Squires
46:42 Parthian Tactics
47:23 Chemistry
46:07 Elite Liao Dao
47:57 Ordo Cavalry
49:25 Iron Casting
48:50 Bracer
49:28 Ring Archer Armor
65:40 Two-Man Saw
64:07 Light Cavalry
65:10 Caravan
69:45 Hussar
husung istanda_18
7:36 Loom
10:19 Feudal Age
11:11 Double-Bit Axe
16:34 Scale Barding Armor
21:17 Bloodlines
23:17 Castle Age
21:44 Bloodlines
24:20 Caravan
24:33 Husbandry
24:50 Bow Saw
24:37 Horse Collar
30:00 Chain Barding Armor
30:01 Bimaristan
31:30 Forging
36:43 Iron Casting
40:15 Fervor
40:34 Light Cavalry
47:11 Imperial Age
47:23 Heavy Camel Rider
47:26 Hussar
51:13 Blast Furnace
50:49 Plate Barding Armor
50:47 Conscription
52:33 Theocracy
64:25 Elite Mameluke
Connection lost

Rejoining the realm…

Still unreachable

The connection could not be restored.

Session expired

The server has moved on; the page needs a fresh start.